 Dungeon Crawl Stone Soup version 0.26-a0-639-g72c4674329 (webtiles) character file.

Game seed: 16404109394103795200

13 Colgate the Insei (level 2, -1/18 HPs)
             Began as an Octopode Transmuter on Sept 15, 2020.
             Slain by a goblin
             ... wielding a +0 club
              (5 damage)
             ... on level 2 of the Dungeon.
             The game lasted 00:04:25 (1188 turns).

Colgate the Insei (Octopode Transmuter)             Turns: 1188, Time: 00:04:25

Health: -1/18      AC:  1    Str:  9    XL:     2   Next: 37%
Magic:  2/5        EV: 13    Int: 15    God:
Gold:   92         SH:  0    Dex: 12    Spells: 2/5 levels left

rFire    . . .     SeeInvis .     - Unarmed
rCold    . . .     Faith    .   (no shield)
rNeg     . . .     Spirit   .   (helmet currently unavailable)
rPois    .         Reflect  .   (no amulet)
rElec    .         Harm     .   g - ring of attention (curse)
rCorr    .         Rampage  .   (no ring)
MR       .....                  (no ring)
Stlth    +.........             (no ring)
HPRegen  0.06/turn              (no ring)
MPRegen  0.09/turn              (no ring)
                                (no ring)
                                (no ring)

@: appendages (expiring), wereblooded
A: almost no armour, stealthy swim, amphibious, 8 rings, constrict 8, tentacle
spike 3, camouflage 1, gelatinous body 1
a: End Transformation


You were on level 2 of the Dungeon.
One of your tentacles had a temporary spike.
You visited 1 branch of the dungeon, and saw 2 of its levels.

You collected 92 gold pieces.

Inventory:

Hand Weapons
 a - a +0 hunting sling
Missiles
 c - 34 stones (quivered)
 d - 70 arrows
Armour
 b - a +2 hat (melded)
Jewellery
 g - a cursed ring of attention (left tentacle)
Scrolls
 i - a scroll of teleportation {unknown}
 j - a scroll of enchant armour {unknown}
Potions
 e - a potion of flight {unknown}
 f - a potion of heal wounds {unknown}
 h - a potion of might {unknown}


   Skills:
 - Level 1.0 Fighting
 - Level 2.0 Dodging
 + Level 3.7 Unarmed Combat
 - Level 2.0 Spellcasting
 - Level 2.0 Transmutations


You had 2 spell levels left.
You knew the following spells:

 Your Spells              Type           Power        Failure   Level
a - Beastly Appendage     Tmut           #.....       10%         1
b - Wereblood             Tmut           #.......     14%         2

Your spell library contained the following spells:

 Spells                   Type           Power        Failure   Level
 Spider Form              Tmut/Pois      #.........   41%         3
 Ice Form                 Ice/Tmut       #.......     82%         4
 Blade Hands              Tmut           #.........   95%         5


Dungeon Overview and Level Annotations

Branches:
Dungeon (2/15)

Altars:


Innate Abilities, Weirdness & Mutations

You cannot wear most types of armour.
You are very stealthy in the water. (Stealth+)
You are amphibious.
You can wear up to eight rings at the same time.
You can use your tentacles to constrict eight enemies at once.
Your skin changes colour to match your surroundings (Stealth+).
Your rubbery body absorbs attacks. (AC +1, EV +1)
One of your tentacles bears a large vicious spike.


Message History

A jackal comes into view.
The goblin closely misses you. The jackal bites you. x2
You completely miss the jackal. Your grab misses the jackal.
Your transformation is almost over.
A jackal comes into view.
The jackal barely misses you. The jackal completely misses you.
The goblin misses you. The jackal misses you.
The hobgoblin hits you but does no damage.
The jackal bites you.
The jackal barks!
You tentacle-slap the jackal but do no damage.
Your grab misses the jackal. The goblin hits you with a +0 club.
The jackal closely misses you. The kobold hits you with a +0 club.
* * * LOW HITPOINT WARNING * * *
You closely miss the jackal. You grab the jackal.
You constrict the jackal, but do no damage.
The jackal bites you but does no damage.
The hobgoblin barely misses you. The jackal misses you.
The goblin hits you with a +0 club.
You die...

## .. .#
########.##
.....)....
.........
......hh##
......g@.#
...(.aghK#
....h..h.#
(.h.h....#
...h?....#
.........#
....)...##
##.....##


You could see a worker ant, 8 jackals, a hobgoblin, a goblin and a kobold.

Vanquished Creatures
  A dart slug (D:1)
  2 bats (D:1)
  A hobgoblin (D:1)
  A ball python (D:2)
  A frilled lizard (D:1)
  3 kobolds (D:1)
  3 rats (D:1)
12 creatures vanquished.

Notes
Turn   | Place    | Note
-------+----------+-------------------------------------------
     0 | D:1      | Colgate the Octopode Transmuter began the quest for the
                  | Orb.
     0 | D:1      | Reached XP level 1. HP: 13/13 MP: 3/3
   379 | D:1      | Reached XP level 2. HP: 18/18 MP: 3/5
   429 | D:1      | Learned a level 2 spell: Wereblood
  1188 | D:2      | Slain by a goblin

Illustrated notes

Levels and vault maps discovered:
D:1:      evilmike_arrival_hilbert_curve, layout_basic,
          corexii_leaking_fountain, minmay_misc_feat_nine_boxes,
          kennysheep_minor_cross
D:2:      layout_rooms, lemuel_coloured_pillars_altar, minmay_hedge_maze,
          uniq_robin, uniq_terence

Action                   || total
-------------------------++-------
Melee: Unarmed           ||    22
       Constrict         ||     4
       Kick              ||     2
       Tentacles         ||     2
 Fire: Hunting sling     ||    12
 Cast: Beastly Appendage ||     8
       Wereblood         ||     1
 Stab: Sleeping          ||     3
Armor: Skin              ||     4
Dodge: Dodged            ||    27

Table legend: (Time is in decaauts)
 A = Elapsed time spent in this place.
 B = Non-inter-level travel time spent in this place.
 C = Inter-level travel time spent in this place.
 D = Time resting spent in this place.
 E = Time spent auto-exploring this place.
 F = Levels seen in this place.
 G = Mean time per level.
                   A        B        C        D        E       F      G
               +--------+--------+--------+--------+--------+-----+--------+
         Total |   1184 |   1121 |     63 |      0 |   1010 |   2 |  592.0 |
       Dungeon |   1184 |   1121 |     63 |      0 |   1010 |   2 |  592.0 |
               +--------+--------+--------+--------+--------+-----+--------+

Top non-repeatable levels by time:
     D:1: 1175 daAuts
     D:2: 9 daAuts
